[Event "*** Titled Tuesday Blitz"]
[Site "Chess.com"]
[Date "2020.04.28"]
[Round "2"]
[White "louis198"]
[Black "Ovsiannikov_Maxim"]
[Result "1-0"]
[WhiteElo "2467"]
[BlackElo "2243"]
[TimeControl "180+1"]
[EndTime "10:19:37 PDT"]
[Termination "louis198 won by checkmate"]

1. d4 d5 2. Bf4 Nc6 3. e3 Bf5 4. Bd3 Bxd3 5. Qxd3 a6 6. Nf3 Nf6 7. h3 e6 8. O-O Bd6 9. Bxd6 Qxd6 10. a3 O-O 11. Nbd2 Rac8 12. c4 dxc4 13. Nxc4 Qe7 14. Rac1 Rfd8 15. Qb3 b5 16. Nce5 Nxe5 17. Nxe5 c5 18.
dxc5 Rd5 19. Nd3 Ne4 20. c6 Nd2 21. Qc3 Nxf1 22. Kxf1 Qd6 23. Nb4 Rd1+ 24. Ke2 Rxc1 25.
Qxc1 a5 26. Nd3 Qxc6 27. Qe1 Qc2+ 28. Qd2 Qxd2+ 29. Kxd2 f6 30. b3 Kf7 31. f3 e5 32.
e4 Ke6 33. b4 axb4 34. axb4 Ra8 35. Nc5+ Kf7 36. g4 Ra2+ 37. Ke3 Rh2 38. Na6 Rc2 39.
Kd3 Rc6 40. Nc5 Ke7 41. h4 Kd6 42. Nb7+ Kc7 43. Na5 Rd6+ 44. Kc3 Kb6 45. Nb3 Rc6+ 46. Kd3 Rd6+ 47. Ke3 Rd1 48. Nc5 Kc6 49. h5 h6 50. Ne6 Rd7 51. Nc5 Ra7 52. Ne6 Ra4 53. Nxg7 Rxb4 54. Nf5 Rb3+ 55. Ke2 Ra3 56. Nxh6 b4 57.
Nf7 b3 58. Kd3 b2+ 59. Kc2 Rb3 60. Kb1 Rxf3 61. Kxb2 Rh3 62. Kc2 Kd7 63. Kd2 Ke7 64. Nh6 Kd6 65. Nf5+ Kc5 66. Ke2 Kc4 67. Nd6+ Kd4 68.
Kf2 Kd3 69. Kg2 Rh4 70. Kg3 Rh1 71. Kg2 Ra1 72. h6 Ra8 73. Kf3 Rh8 74. Nf5 Rh7 75.
Kg3 Kxe4 76. Kh4 Kf4 77. Kh5 e4 78. Kg6 Rh8 79. Kg7 Ra8 80. Ne7 e3 81. h7 e2 82.
Ng8 e1=Q 83. h8=Q Qg3 84. Qh6+ Kf3 85. Nxf6 Qxg4+ 86. Nxg4 Kxg4 87. Qg6+ Kf4 88. Qd6+ Ke4 89. Qc6+ Ke5 90. Qxa8 Kd6 91. Qa5 Kc6 92. Kf6 Kb7 93.
Ke7 Kb8 94. Kd6 Kb7 95. Qc7+ Ka8 96. Qg7 Kb8 97. Kc6 Ka8 98. Qb7# 1-0

[Event "*** Titled Tuesday Blitz"]
[Site "Chess.com"]
[Date "2020.04.28"]
[Round "2"]
[White "Gahan-MG"]
[Black "Corpescador"]
[Result "1-0"]
[WhiteElo "2657"]
[BlackElo "2360"]
[TimeControl "180+1"]
[EndTime "10:19:38 PDT"]
[Termination "Gahan-MG won by resignation"]

1. e4 c5 2. c3 Nf6 3. e5 Nd5 4. d4 cxd4 5. cxd4 d6 6. Nf3 dxe5 7. Nxe5 Nc6 8. a3 e6 9. Bd3 Qb6 10. Nxc6 bxc6 11. Qa4 Bd7 12. O-O c5 13. dxc5 Bxc5 14. Qg4 O-O 15. Nd2 Nf6 16. Qh4 Bb5 17. Nc4 Qd8 18.
Rd1 Qe7 19. Bg5 h6 20. Bxf6 Qxf6 21. Qxf6 gxf6 22. b4 Bd4 23. Rac1 Rac8 24. Kf1 Rfd8 25. Ke2 Kg7 26. Rd2 f5 27. Rcc2 Bf6 28. Ke3 e5 29.
f4 exf4+ 30. Ke2 Rxd3 31. Kxd3 f3 32. gxf3 Bg5 33. Rg2 Kf6 34. Kd4 Rd8+ 35. Kc3 Ba4 36. Rcf2 Bf4 37. Na5 Rc8+ 38. Kd3 Be5 39. Rc2 Bxc2+ 40.
Rxc2 Rd8+ 41. Ke2 Rd4 42. Nc6 Rd5 43. Ke3 Bd6 44. Nd4 f4+ 45. Ke4 Re5+ 46. Kd3 Re3+ 47. Kc4 Rxa3 48. Nb5 Rxf3 49. Nxd6 Rf1 50. Kd5 Rd1+ 51.
Kc6 Ke5 52. Nc4+ Kf5 53. b5 Rb1 54. Na5 f3 55. Nc4 Ke4 56. Nd6+ Kd3 57. Ra2 Rc1+ 58. Kd7 Rc2 59. Ra3+ Ke2 60. Ne4 Rb2 61. Kc6 Rc2+ 62. Kb7 Rb2 63. Ka6 Rb1 64. Ng3+ Kf2 65. Ra2+ Kg1 66.
Kxa7 f2 67. b6 Rb3 68. b7 Kg2 69. Rxf2+ Kxf2 70. Ne4+ Kg2 71. h4 Kh2 72. b8=Q+ Kh3 73. Qxb3+ Kxh4 74. Qc4 1-0

[Event "*** Titled Tuesday Blitz"]
[Site "Chess.com"]
[Date "2020.04.28"]
[Round "2"]
[White "VincentKeymer"]
[Black "Chessmasterzt"]
[Result "1-0"]
[WhiteElo "2723"]
[BlackElo "2489"]
[TimeControl "180+1"]
[EndTime "10:19:39 PDT"]
[Termination "VincentKeymer won by resignation"]

1. Nf3 c5 2. c4 g6 3. d4 cxd4 4. Nxd4 Nc6 5. e4 Bg7 6. Be3 Nf6 7. Nc3 Ng4 8. Qxg4 Nxd4 9. Qd1 e5 10. Bd3 d6 11. O-O O-O 12. b3 Be6 13. Ne2 Nc6 14. Qd2 Qa5 15. Qxa5 Nxa5 16. Rad1 Nc6 17. Bb1 Rfd8 18.
Rd2 Bf8 19. Rfd1 Be7 20. Nc3 a6 21. Bb6 Rdc8 22. Na4 Bg4 23. f3 Be6 24. g3 h5 25.
h4 Kg7 26. Bd3 Re8 27. Bf1 f5 28. Bh3 Kf7 29. Nc3 Rac8 30. Nd5 Bxd5 31. cxd5 Nd4 32. Bxd4 exd4 33. exf5 gxf5 34. Bxf5 Rc3 35. Be6+ Kg7 36. Rxd4 Rxf3 37. Kg2 Rff8 38. Rc1 Bf6 39. Rc7+ Re7 40. Rdc4 Kg6 41. Rxe7 Bxe7 42. Rc7 Bf6 43. Rxb7 a5 44. Rc7 Be5 45. Rc2 Rf6 46. Rf2 Kh6 47. Rxf6+ Bxf6 48. Kf3 Kg6 49. a3 Bb2 50. b4 a4 51.
b5 Bxa3 52. b6 Bc5 53. b7 Ba7 54. g4 a3 55. Bf5+ Kf6 56. Bb1 hxg4+ 57. Kxg4 Kg7 58.
h5 Kh6 59. Kh4 Bb8 60. Ba2 Bc7 61. Kg4 Bb8 62. Bc4 Bc7 63. Bb3 Bb8 64. Ba2 Bc7 65.
Kf5 Kxh5 66. Ke6 Kg5 67. Kd7 Bb8 68. Kc8 Ba7 69. b8=Q Bxb8 70. Kxb8 Kf5 71. Kc7 Ke5 72. Kc6 Kd4 73. Kxd6 Kc3 74. Kc5 Kb2 75. Bc4 Kc3 76. d6 a2 77. Bxa2 1-0

[Event "*** Titled Tuesday Blitz"]
[Site "Chess.com"]
[Date "2020.04.28"]
[Round "2"]
[White "tylityli"]
[Black "Pavlov_Sergey"]
[Result "0-1"]
[WhiteElo "2298"]
[BlackElo "2637"]
[TimeControl "180+1"]
[EndTime "10:19:39 PDT"]
[Termination "Pavlov_Sergey won by checkmate"]

1. e4 Nf6 2. e5 Nd5 3. d4 d6 4. c4 Nb6 5. exd6 exd6 6. Nc3 Be7 7.
Bd3 Nc6 8. Nge2 O-O 9. a3 Bf6 10. Be3 d5 11. c5 Nc4 12. Bxc4 dxc4 13. O-O Bf5 14. d5 Na5 15. Nf4 Nb3 16. Ra2 Re8 17. Qe2 Nxc5 18. Qxc4 Ne4 19. Nce2 Nd6 20. Qb3 Be5 21. Raa1 Be4 22. Rac1 c6 23. dxc6 bxc6 24. Rfd1 Rb8 25. Qa4 Bxb2 26. Rxc6 Bxc6 27. Qxc6 Bxa3 28. Bxa7 Rc8 29. Qa6 Bb4 30. Ng3 Re1+ 31. Rxe1 Bxe1 32. h3 Bc3 33. Nd5 Be5 34. f4 Bb2 35. Ne4 Rc1+ 36.
Kh2 Nxe4 37. Bb6 Qb8 38. Qa2 Bf6 39. Qe2 Nc3 40. Qe3 Nxd5 41. Qxc1 Qxf4+ 42. Qxf4 Nxf4 43. Bc7 Ne6 44. Ba5 g5 45. g4 Kg7 46. Kg3 Kg6 47. Kf3 h5 48. Ke4 h4 49. Bb6 Nf4 50. Kf3 Nxh3 51. Be3 Nf4 52. Ke4 Ne6 53. Kf3 Bd4 54.
Bd2 Nf4 55. Be1 f6 56. Bd2 Kf7 57. Be1 Ke6 58. Bd2 Ke5 59. Be1 Kd5 60. Ba5 Be5 61.
Be1 Nd3 62. Ba5 Kd4 63. Bb6+ Kc3 64. Kg2 Kd2 65. Kh3 Ke2 66. Kg2 Nf4+ 67. Kh1 Kf3 68. Ba7 Kxg4 69. Bb6 Kf5 70. Ba7 g4 71. Bb6 g3 72.
Ba7 h3 73. Bb6 Kg4 74. Kg1 Kf3 75. Kh1 Ne2 76. Bf2 g2# 0-1

[Event "*** Titled Tuesday Blitz"]
[Site "Chess.com"]
[Date "2020.04.28"]
[Round "2"]
[White "Berardino"]
[Black "Kotofeyca"]
[Result "1-0"]
[WhiteElo "2670"]
[BlackElo "2393"]
[TimeControl "180+1"]
[EndTime "10:19:43 PDT"]
[Termination "Berardino won by checkmate"]

1. e4 c5 2. Nc3 d6 3. g3 g6 4. Bg2 Bg7 5. d3 Nc6 6. Be3 Rb8 7. Qd2 b5 8. Nge2 b4 9. Nd1 e6 10. O-O Nge7 11. Bh6 O-O 12. Bxg7 Kxg7 13. Ne3 f6 14. f4 e5 15. f5 g5 16. g4 Nd4 17. Ng3 Bb7 18. c3 bxc3 19. bxc3 Nb5 20. a4 Nc7 21. h4 h6 22. Nh5+ Kg8 23. Kf2 d5 24. hxg5 hxg5 25.
Qc2 Kf7 26. Rab1 Bc6 27. Qa2 Qd7 28. Rh1 a5 29. Kg3 Rfd8 30. Rhd1 Qd6 31. Kf2 Kf8 32. Bf3 Rxb1 33. Rxb1 dxe4 34. Bxe4 Bxe4 35. dxe4 Qd2+ 36. Qxd2 Rxd2+ 37. Kf3 Ne8 38. Rb6 Kf7 39. Ra6 c4 40. Rxa5 Rd3 41. Ra7 Rxc3 42. Ke2 Kf8 43. Rxe7 Rxe3+ 44. Kxe3 Kxe7 45. a5 Nc7 46. Kd2 Kd6 47.
Nxf6 Kc5 48. Nd7+ Kb5 49. f6 Kxa5 50. f7 Ne6 51. f8=Q Nxf8 52. Nxf8 Kb4 53. Kc2 c3 54. Nd7 Kc4 55. Nxe5+ Kd4 56. Nf7 Kxe4 57. Kxc3 Kf4 58.
Nh6 Ke3 59. Kc4 Ke4 60. Kc5 Ke5 61. Kc6 Ke6 62. Kc7 Ke7 63. Kc8 Ke8 64. Nf5 Kf7 65. Kd7 Kf6 66. Kd6 Kg6 67. Ke6 Kh7 68. Kf6 Kg8 69.
Kxg5 Kh8 70. Kh6 Kg8 71. g5 Kh8 72. g6 Kg8 73. g7 Kf7 74. Kh7 Kf6 75. g8=Q Ke5 76.
Ng7 Kf6 77. Qe6+ Kg5 78. Qf5+ Kh4 79. Qg6 Kh3 80. Kg8 Kh2 81. Qg4 Kh1 82. Nf5 Kh2 83. Ne3 Kh1 84. Qg2# 1-0

[Event "*** Titled Tuesday Blitz"]
[Site "Chess.com"]
[Date "2020.04.28"]
[Round "2"]
[White "talman67"]
[Black "BillieKimbah"]
[Result "1/2-1/2"]
[WhiteElo "2558"]
[BlackElo "2847"]
[TimeControl "180+1"]
[EndTime "10:19:44 PDT"]
[Termination "Game drawn - insufficient material"]

1. e4 c5 2. Nf3 e6 3. d4 cxd4 4. Nxd4 Nf6 5. Nc3 Nc6 6. Ndb5 Bc5 7. Bf4 O-O 8. Bd6 Bxd6 9. Qxd6 Qb6 10. Qc7 Qc5 11.
Qd6 Qb6 12. Qc7 Qxc7 13. Nxc7 Rb8 14. N7b5 d5 15. exd5 exd5 16. O-O-O Rd8 17. h3 Bf5 18. Nd4 Bg6 19. g4 h6 20. Bg2 Rbc8 21. f4 Be4 22. Nxe4 Nxe4 23. Nxc6 bxc6 24. Bxe4 dxe4 25. Rxd8+ Rxd8 26. Re1 Re8 27. Re3 g5 28. fxg5 hxg5 29. Kd2 Kg7 30.
Ra3 Rh8 31. Ke2 Kf6 32. Rxa7 Rxh3 33. a4 Rh2+ 34. Ke3 Rxc2 35. Rb7 Rc4 36. b3 Rc1 37. Kxe4 Rg1 38. Kf3 Rf1+ 39. Kg2 Rf4 40. Kg3 Rf1 41. Rc7 Rc1 42. a5 Rc3+ 43. Kg2 Rxb3 44.
a6 Ra3 45. Rxc6+ Ke5 46. Rb6 Kf4 47. Rb4+ Ke5 48. Rb5+ Kf4 49. Rb4+ Ke3 50. Rb6 Ra2+ 51.
Kg3 Ke4 52. Rb4+ Ke5 53. Rb5+ Kf6 54. Rb6+ Ke7 55. Rb7+ Ke6 56. a7 f6 57. Kf3 Ke5 58. Rb5+ Kd4 59. Rb7 Ra3+ 60. Kg2 Ke4 61. Rb4+ Ke5 62.
Rb5+ Kf4 63. Rb4+ Ke5 64. Rb5+ Ke4 65. Rb4+ Kd5 66. Rb5+ Kc6 67. Rf5 Rxa7 68. Rxf6+ Kd5 69. Rf5+ Ke4 70. Rxg5 Kf4 71. Rg8 Ra3 72. g5 Rg3+ 73.
Kf2 Rxg5 74. Rxg5 Kxg5 1/2-1/2

[Event "*** Titled Tuesday Blitz"]
[Site "Chess.com"]
[Date "2020.04.28"]
[Round "2"]
[White "tigra"]
[Black "Marty435"]
[Result "1/2-1/2"]
[WhiteElo "2771"]
[BlackElo "2525"]
[TimeControl "180+1"]
[EndTime "10:19:44 PDT"]
[Termination "Game drawn by repetition"]

1. e4 c6 2. d4 d5 3. e5 Bf5 4. h4 h5 5. Bd3 Bxd3 6. Qxd3 Qa5+ 7. c3 e6 8. Qg3 Ne7 9. Nd2 Nf5 10. Qf4 Qa6 11. Ngf3 Nd7 12. Nf1 g6 13. Ng3 Be7 14. Rh3 O-O-O 15. Ng5 Bxg5 16. hxg5 Nb6 17. b3 Rhe8 18. a4 Nd7 19. Nf1 c5 20. Nd2 Kb8 21. Ba3 Rc8 22. Bb2 Rc7 23. c4 dxc4 24.
Nxc4 cxd4 25. Bxd4 Nc5 26. Bxc5 Rxc5 27. Rd3 Qc6 28. Kf1 Rd5 29. Rad1 Red8 30. Rxd5 Rxd5 31. Rd2 Kc7 32. g3 Rxd2 33. Qxd2 Qh1+ 34. Ke2 Qe4+ 35. Kf1 Nd4 36. Qa5+ Kd7 37. Kg1 Nf3+ 38. Kf1 Nd4 39.
Kg1 h4 40. Qc5 Nf3+ 41. Kf1 Nh2+ 42. Kg1 Nf3+ 43. Kf1 Qd3+ 44. Kg2 Ne1+ 45. Kg1 Nf3+ 46. Kg2 Ne1+ 47. Kg1 h3 48. Qd6+ Qxd6 49. exd6 Nf3+ 50. Kh1 Nxg5 51. a5 Ne4 52. Kh2 Nxf2 53. b4 Nd3 54.
Kxh3 Nxb4 55. Ne5+ Kxd6 56. Nxf7+ Kd5 57. Kg4 e5 58. Nh8 e4 59. Nxg6 e3 60. Kf3 Kd4 61. Nf4 Nc6 62. g4 Ne5+ 63. Kg3 Ke4 64. g5 b5 65.
axb6 axb6 66. g6 Nxg6 67. Nxg6 Kd3 68. Ne5+ Kd2 69. Nc4+ Kd3 70. Nxb6 e2 71. Kf2 Kd2 72. Nc4+ Kd1 73. Ne3+ Kd2 74. Ng2 Kd1 75. Ne1 Kd2 76.
Nf3+ Kd1 77. Ne1 Kd2 78. Nf3+ Kd1 79. Ne1 1/2-1/2

[Event "*** Titled Tuesday Blitz"]
[Site "Chess.com"]
[Date "2020.04.28"]
[Round "2"]
[White "aNaartjieZA"]
[Black "Vesper2018"]
[Result "0-1"]
[WhiteElo "2587"]
[BlackElo "2056"]
[TimeControl "180+1"]
[EndTime "10:19:48 PDT"]
[Termination "Vesper2018 won by resignation"]

1. e4 c5 2. Nf3 d6 3. g3 Nc6 4.
Bg2 g6 5. O-O Bg7 6. c3 e5 7. d3 Nge7 8. a3 O-O 9. b4 a6 10.
Nbd2 h6 11. Bb2 Be6 12. Rc1 b6 13. Re1 Rc8 14. Nf1 f5 15. exf5 Bxf5 16. Nh4 Qd7 17. Nxf5 gxf5 18. Qh5 d5 19. Bh3 d4 20. bxc5 bxc5 21.
cxd4 Nxd4 22. Bxd4 cxd4 23. Nd2 Rxc1 24. Rxc1 Nd5 25. Nc4 Nc3 26. Re1 Qe6 27. Bg2 e4 28. g4 fxg4 29. Bxe4 Nxe4 30. Rxe4 Qf6 31. Re2 Qf3 32.
Rd2 Qf4 33. Qd5+ Kh8 34. Re2 Qf3 35. Qe4 Qxe4 36. Rxe4 Rf3 37. Nb2 h5 38. Kg2 Rf7 39.
Nc4 Kh7 40. Re6 Rf3 41. Nb2 a5 42. Rd6 Bf6 43. Rd5 a4 44. Rxh5+ Kg6 45. Rd5 Rf4 46. Kg3 Rf3+ 47. Kxg4 Rxf2 48. Nc4 Rxh2 49. Ne5+ Bxe5 50. Rxe5 Rd2 51. Ra5 Rxd3 52. Ra6+ Kf7 53. Rxa4 Ke6 54. Kf4 Kd5 55. Ra5+ Kc4 56. Ke4 Rd1 57.
Ra8 Re1+ 58. Kf3 d3 59. Rc8+ Kb3 60. Rd8 Kc2 61. Rc8+ Kd2 62. a4 Ra1 63. Rc4 Ra3 64. Kf2 Kd1 65. Rd4 d2 66. a5 Rxa5 67. Ke3 Ra3+ 68.
Kf2 Ra2 69. Rc4 Rc2 70. Ra4 Rb2 71. Rc4 Rb7 72. Ke3 Re7+ 73. Kf2 Rf7+ 74. Ke3 Ke1 75. Kd3 d1=Q+ 0-1

[Event "*** Titled Tuesday Blitz"]
[Site "Chess.com"]
[Date "2020.04.28"]
[Round "2"]
[White "kaumandur01"]
[Black "Tashik"]
[Result "0-1"]
[WhiteElo "2781"]
[BlackElo "2537"]
[TimeControl "180+1"]
[EndTime "10:19:49 PDT"]
[Termination "Tashik won by checkmate"]

1. e4 e5 2. Nf3 Nc6 3. Bc4 Bc5 4. O-O Nf6 5. d3 O-O 6. h3 h6 7. Re1 d6 8. c3 a5 9. Nbd2 a4 10.
Bb5 Bd7 11. Nf1 Ra5 12. Bxc6 Bxc6 13. Ng3 Ra8 14. d4 exd4 15. cxd4 Bb4 16. Bd2 Bxd2 17.
Qxd2 Re8 18. d5 Bd7 19. Nd4 c5 20. Nf3 b5 21. Qf4 Qb6 22. Nh4 Re5 23. Nhf5 Bxf5 24. Nxf5 Qd8 25. Re3 Qd7 26. Nxh6+ Kf8 27. Ng4 Nxg4 28.
hxg4 f6 29. Rae1 Kf7 30. Rh3 Rae8 31. Rh5 Rxh5 32. gxh5 Qe7 33. Qg4 Qe5 34. Qg6+ Kg8 35. h6 Re7 36. Re3 Qg5 37. Qxg5 fxg5 38. hxg7 Kxg7 39.
Kh2 Kf6 40. Kg3 b4 41. Kg4 Rg7 42. b3 Ke5 43. bxa4 Kd4 44. a5 Ra7 45. Kxg5 Rxa5 46. Kf5 Rxa2 47. Ke6 c4 48. Kxd6 b3 49. Kc6 b2 50.
Re1 Ra1 51. d6 Rxe1 52. d7 b1=Q 53. d8=Q+ Kc3 54. Qa5+ Qb4 55. Qe5+ Kc2 56. Qd4 Qa4+ 57. Kc5 Qa5+ 58. Kxc4 Qa4+ 59. Kd5 Rd1 60. Qxd1+ Kxd1 61. e5 Qb3+ 62. Kd6 Qb4+ 63. Kd7 Qd2+ 64. Ke6 Qxf2 65.
Kd6 Qxg2 66. e6 Qg6 67. Kd7 Qd3+ 68. Ke8 Qb5+ 69. Kf8 Qf5+ 70. Ke7 Kd2 71. Kd6 Qd3+ 72. Kc7 Qc4+ 73. Kd7 Qd5+ 74. Ke7 Ke3 75. Kf6 Qd4+ 76. Kf7 Qf4+ 77. Kg7 Qg5+ 78. Kf7 Qf5+ 79. Ke7 Kd4 80. Kd7 Qd5+ 81. Kc7 Qxe6 82. Kb7 Kc5 83. Kc7 Qd6+ 84.
Kb7 Qd7+ 85. Ka8 Kb6 86. Kb8 Qb7# 0-1

[Event "*** Titled Tuesday Blitz"]
[Site "Chess.com"]
[Date "2020.04.28"]
[Round "2"]
[White "IlzeBerzina"]
[Black "Aureliano-Buendia"]
[Result "0-1"]
[WhiteElo "2146"]
[BlackElo "2418"]
[TimeControl "180+1"]
[EndTime "10:19:49 PDT"]
[Termination "Aureliano-Buendia won on time"]

1. e4 e5 2. Nf3 Nc6 3. Bb5 Nf6 4. O-O Nxe4 5. d4 Nd6 6. Bxc6 dxc6 7. dxe5 Nf5 8.
Qxd8+ Kxd8 9. Nc3 Bd7 10. Bg5+ Kc8 11. Rad1 b6 12. Nd4 Nxd4 13. Rxd4 h6 14. Bh4 g5 15. Bg3 Bc5 16. Rd2 Bb4 17. Rd3 Bf5 18. Rf3 Be6 19.
a3 Be7 20. Ne4 Kb7 21. Nf6 Rad8 22. Re3 Rd2 23. Rc3 Rhd8 24. h4 Bf5 25. hxg5 hxg5 26. Rc1 Rd1+ 27. Rxd1 Rxd1+ 28. Kh2 Rd2 29. Ng8 Bc5 30.
Rf3 Be6 31. c3 Rxb2 32. Nh6 Bxa3 33. Nxf7 Be7 34. Nh8 a5 35. Ng6 Bc5 36. Rf6 Bd5 37. e6 Re2 38. Rf7 Bxe6 39. Rxc7+ Ka6 40. Ne5 Bxf2 41.
Bxf2 Rxe5 42. Rxc6 Kb5 43. Rxb6+ Kc4 44. Rc6+ Kd3 45.
Rd6+ Kc2 46. Bd4 Re2 47. Ra6 Bd5 48. Rxa5 Rxg2+ 49. Kh3 g4+ 50. Kh4 Bc4 51. Rg5 Be2 52. Be5 Kd3 53. Rg8 Bf3 54. Rg7 Rg1 55. Rg8 Ke2 56.
Rg7 Rh1+ 57. Kg5 Kd3 58. Kf6 Ra1 59. Ke6 Ra6+ 60. Kf5 Ra5 61. Kf4 Rb5 62. Kf5 Ke2 63. Kf4 Rc5 64. Rg6 Rc4+ 65. Kf5 Rc5 66. Kf4 Rc4+ 67.
Kf5 Ra4 68. Kg5 Rc4 69. Kf6 Be4 70. Rh6 Rc6+ 0-1

[Event "*** Titled Tuesday Blitz"]
[Site "Chess.com"]
[Date "2020.04.28"]
[Round "2"]
[White "FROGGY64"]
[Black "Susal_De_Silva"]
[Result "0-1"]
[WhiteElo "2451"]
[BlackElo "2264"]
[TimeControl "180+1"]
[EndTime "10:19:51 PDT"]
[Termination "Susal_De_Silva won by resignation"]

1. d4 Nf6 2. c4 e6 3. g3 Be7 4.
Nf3 b6 5. Bg2 Bb7 6. O-O O-O 7.
Nc3 Ne4 8. Qc2 Nxc3 9. Qxc3 c5 10. Rd1 d6 11. d5 Bf6 12. Qc2 exd5 13. cxd5 Nd7 14.
Bf4 Qe7 15. e4 Rad8 16. h4 h6 17. Re1 Ne5 18. Rad1 a6 19. a4 b5 20. b3 Rc8 21.
Nxe5 Bxe5 22. Bxe5 dxe5 23. Bh3 Rcd8 24. axb5 axb5 25. Ra1 Bc8 26. Bg2 Bg4 27. Rec1 Rc8 28. Ra5 c4 29. bxc4 Rxc4 30. Qd2 Rfc8 31. Rb1 Rc2 32. Qe3 R8c3 33. Qb6 Be2 34. Ra8+ Kh7 35.
d6 Qf6 36. Bh3 Rc1+ 37. Rxc1 Rxc1+ 38. Kh2 Bf3 39. Bg2 Bxg2 40. Kxg2 Rc3 41. Ra1 Qf3+ 42. Kh2 Rc2 43. Rf1 Rd2 44. Kg1 Qxe4 45. Qxb5 Rxd6 46. Qb3 Qd5 47. Qe3 Rg6 48. Re1 e4 49. Qxe4 Qxe4 50. Rxe4 Rb6 51. Kg2 f6 52. h5 Ra6 53. g4 Ra5 54.
Rf4 Rg5 55. Kh3 Ra5 56. Rb4 Ra3+ 57. Kg2 Rd3 58. f3 Rd2+ 59. Kg3 Rd1 60. Kf4 Rg1 61. Kf5 Ra1 62. Rb5 Rd1 63. f4 Re1 64. Rb7 Rd1 65.
g5 hxg5 66. fxg5 Rd5+ 67. Kg4 Rxg5+ 68. Kh4 Rg1 69. Rf7 Rg5 70. Rf8 Ra5 71. Rf7 Ra4+ 72.
Kg3 Kh6 73. Re7 Ra5 74. Kg4 Rg5+ 75. Kf4 Rxh5 76. Re8 Rh4+ 77. Kg3 Rb4 78. Rg8 g6 79. Kh3 Kg5 80. Rc8 Rb3+ 81. Kg2 f5 82. Rc5 Kg4 83. Rc4+ f4 84. Kf2 Rb2+ 85. Kg1 g5 86. Rc3 f3 87.
Rc5 Rb1+ 88. Kf2 Rb2+ 89. Kg1 Kf4 90. Ra5 g4 91. Ra1 Kg3 92. Kh1 Rh2+ 93. Kg1 f2+ 94. Kf1 Rh1+ 95. Ke2 Rxa1 96. Ke3 Re1+ 97. Kd2 Re8 98.
Kd3 f1=Q+ 0-1

[Event "*** Titled Tuesday Blitz"]
[Site "Chess.com"]
[Date "2020.04.28"]
[Round "2"]
[White "Michaelson_11"]
[Black "crazy_machine"]
[Result "1-0"]
[WhiteElo "1977"]
[BlackElo "2587"]
[TimeControl "180+1"]
[EndTime "10:19:54 PDT"]
[Termination "Michaelson_11 won by checkmate"]

1. e4 c6 2. d4 d5 3. Nd2 dxe4 4. Nxe4 Bf5 5. Ng3 Bg6 6. h4 h6 7.
Nf3 Nd7 8. h5 Bh7 9. Bd3 Bxd3 10. Qxd3 e6 11. Bd2 Ngf6 12. O-O-O Be7 13. Ne4 O-O 14. Nxf6+ Nxf6 15. g4 Nxg4 16. Rhg1 f5 17. Qe2 Rf7 18. Qxe6 Qd6 19. Qb3 Bf6 20. Kb1 Qd5 21.
Ne5 Qxb3 22. axb3 Bxe5 23. dxe5 Nxf2 24. Rde1 Ng4 25. e6 Re7 26. Bb4 Ree8 27. e7 b6 28.
Rgf1 c5 29. Bc3 b5 30. Rxf5 b4 31. Rg1 bxc3 32. Rxg4 cxb2 33. Re5 Rab8 34. Kxb2 Rb7 35. Rge4 Kf7 36. Rf5+ Kg8 37. Rfe5 c4 38. Rxc4 Rexe7 39. Rxe7 Rxe7 40. Rc5 Kf7 41. c4 g6 42. b4 g5 43.
Rf5+ Ke6 44. Rf2 Rg7 45. Kc3 Ke5 46. Rg2 g4 47. c5 Kf4 48. Kc4 g3 49. c6 Kf3 50. Rg1 Kf2 51. Ra1 g2 52. b5 Re7 53.
Ra2+ Kf3 54. Rxg2 Kxg2 55. Kc5 Kg3 56. Kd6 Re1 57. c7 Rc1 58. Kd7 Kh4 59. c8=Q Rxc8 60.
Kxc8 Kxh5 61. Kb7 Kg4 62. Kxa7 h5 63. b6 h4 64. b7 h3 65. b8=Q Kf3 66. Qh2 Kg4 67.
Kb6 Kh4 68. Kc5 Kg4 69. Kd4 Kf3 70. Ke5 Kg4 71. Ke4 Kh4 72. Kf5 Kh5 73. Qxh3# 1-0

[Event "*** Titled Tuesday Blitz"]
[Site "Chess.com"]
[Date "2020.04.28"]
[Round "2"]
[White "abhidabhi"]
[Black "enriquetejedor"]
[Result "0-1"]
[WhiteElo "2749"]
[BlackElo "2525"]
[TimeControl "180+1"]
[EndTime "10:19:58 PDT"]
[Termination "enriquetejedor won by resignation"]

1. e4 c5 2. Nf3 g6 3. c3 Bg7 4. d4 cxd4 5. cxd4 d5 6. e5 Nc6 7. Nc3 Bg4 8. Bb5 Bxf3 9. Qxf3 e6 10. Bxc6+ bxc6 11. O-O Ne7 12. Bg5 O-O 13. Na4 h6 14.
Bxe7 Qxe7 15. Qc3 Rab8 16. b3 Rfc8 17. Nc5 Bf8 18. Rac1 Qd8 19. Qd2 Rb5 20. Nd3 Qb6 21. Qe3 Kg7 22. Rc2 c5 23. dxc5 Bxc5 24. Qf3 Rf8 25.
Rfc1 Ba3 26. Rc6 Qd4 27. Rd1 Rb7 28. g3 Qe4 29. Qxe4 dxe4 30. Nf4 Bb2 31. Rc5 Rfb8 32.
Rd2 Ba3 33. Rc4 e3 34. fxe3 Re8 35. Kf2 Bf8 36. Ra4 Ree7 37. Rc2 Rb5 38. Nd3 Rd7 39. Ke2 Rbd5 40. Rd4 Rxd4 41. exd4 Rxd4 42. Rc7 a5 43. Ra7 Rd5 44. Rb7 g5 45. g4 Kg6 46.
h3 Ba3 47. Rc7 f5 48. exf6 Kxf6 49. Ke3 Bd6 50. Rh7 Kg6 51. Rb7 Kf6 52. Ke4 Bf8 53.
Rb8 Be7 54. Rh8 Kg7 55. Re8 Kf7 56. Rc8 Bf6 57. Rc7+ Kg6 58. Rc6 Rd4+ 59. Ke3 Kf7 60. a3 Rd5 61. b4 axb4 62. axb4 Bd4+ 63. Ke4 Bg1 64. Rc7+ Kf6 65. Rc1 Rd4+ 66. Kf3 Rxd3+ 67. Ke2 Re3+ 68. Kd2 Rg3 69. Rf1+ Ke7 70. Kc2 Bb6 71. Rh1 Bd4 72. b5 Rc3+ 73. Kd2 Rb3 74. Ke2 Rxb5 75. Kd3 Bf6 76. Ke4 Rd5 0-1

[Event "*** Titled Tuesday Blitz"]
[Site "Chess.com"]
[Date "2020.04.28"]
[Round "2"]
[White "Megagigahiper3345"]
[Black "kuli4ik"]
[Result "0-1"]
[WhiteElo "2457"]
[BlackElo "2694"]
[TimeControl "180+1"]
[EndTime "10:20:02 PDT"]
[Termination "kuli4ik won by resignation"]

1. d4 d5 2. c4 c6 3. Nc3 dxc4 4. e4 b5 5. a4 b4 6. Nce2 Nf6 7. Ng3 Ba6 8. Nf3 e6 9. Bg5 Be7 10. Rc1 c3 11.
bxc3 bxc3 12. Bxa6 Nxa6 13. O-O O-O 14. Rxc3 c5 15.
dxc5 Nxc5 16. Bxf6 Qxd1 17. Rxd1 gxf6 18. Rc4 Rfd8 19.
Rdc1 Nd7 20. a5 Nf8 21. Rc7 Bd6 22. Rb7 Bf4 23. Rcb1 Bxg3 24. hxg3 Rd7 25. Rb8 Rxb8 26. Rxb8 Kg7 27. e5 f5 28. Kf1 Rd1+ 29. Ke2 Ra1 30. Rb5 Ng6 31. Nd4 a6 32. Rc5 Ne7 33. Rc7 Ra2+ 34. Ke1 Kf8 35. Nc6 Nxc6 36. Rxc6 Rxa5 37. f4 Ra2 38. Kf1 a5 39. Kg1 a4 40. Rc8+ Kg7 41. Kh2 Rb2 42. Ra8 Rb4 43. Kh3 h6 44. Ra7 Kg6 45.
Kh2 h5 46. Kh3 Rc4 47. Kh2 h4 48. Kh3 hxg3 49. Kxg3 Rc3+ 50. Kh4 a3 51. g4 Rf3 52. gxf5+ Kxf5 53. Rxf7+ Ke4 54. Kg5 a2 55. Ra7 Rxf4 56. Rxa2 Rf5+ 57. Kg4 Rxe5 58. Re2+ Kd4 59. Rd2+ Ke3 60.
Rd1 Ke2 61. Rd6 Ke3 62. Rd1 Re4+ 63. Kg3 e5 64. Re1+ Kd3 65. Rd1+ Ke2 66. Rd5 Ke3 67. Kg2 Kf4 68. Kf2 Ra4 69. Rd2 Ra3 70.
Rb2 Rh3 71. Rb8 Rh2+ 72. Kg1 Ra2 73. Rf8+ Ke3 74. Kf1 Ra1+ 75. Kg2 e4 76. Rd8 Ke2 77. Rd7 e3 78. Rd6 Ra2 79. Rd8 Rd2 80. Re8 Kd1+ 81. Kf1 e2+ 82. Kf2 e1=Q+ 0-1

[Event "*** Titled Tuesday Blitz"]
[Site "Chess.com"]
[Date "2020.04.28"]
[Round "2"]
[White "ShahMatKanal"]
[Black "IAgrest"]
[Result "0-1"]
[WhiteElo "2456"]
[BlackElo "2276"]
[TimeControl "180+1"]
[EndTime "10:20:03 PDT"]
[Termination "IAgrest won by resignation"]

1. e4 e5 2. f4 exf4 3. Nf3 g5 4.
Bc4 Nc6 5. O-O Bg7 6. d4 h6 7.
e5 d5 8. exd6 Qxd6 9. Re1+ Nge7 10. d5 Ne5 11. Nxe5 Bxe5 12. Bb5+ Kf8 13. c4 Bf5 14.
Nc3 Rd8 15. Qe2 Bf6 16. Ne4 Bxe4 17. Qxe4 c6 18. Ba4 cxd5 19. cxd5 Qxd5 20. Qc2 Rc8 21.
Qb3 Qxb3 22. Bxb3 Rd8 23. Rb1 Kg7 24. Bd1 Rhe8 25. b3 Nf5 26. Rf1 Rd7 27. Bf3 Red8 28. Ba3 Ne3 29. Rfe1 Rd2 30. Bc5 Bd4 31. Bxd4+ R8xd4 32. a4 Ra2 33. Ra1 Rdd2 34. Rxa2 Rxa2 35. Bxb7 Rb2 36. g3 Rxb3 37. Be4 Rb4 38. Bc6 Rc4 39. Bb5 Rb4 40. gxf4 gxf4 41. Kf2 Kf6 42. Kf3 Ke5 43. Rc1 Rd4 44. Rc5+ Kf6 45. Rc6+ Kg5 46. Rc5+ f5 47. Rc7 Rd1 48. Rg7+ Kf6 49. Rxa7 Rh1 50. Kxf4 Nd5+ 51. Kg3 Rg1+ 52. Kf2 Rh1 53. Bc6 Rxh2+ 54. Kg1 Rd2 55. Rd7 Ke6 56. Rd8 Rd1+ 57. Kh2 Rd2+ 58. Kg1 Rd1+ 59. Kh2 Rd2+ 60. Kh3 Rd3+ 61. Kh4 Rd4+ 62. Kh5 Nf6+ 63. Kxh6 Rxd8 64. Kg7 Nd5 65. Bb5 Nb6 66. Kg6 Na8 67. Kg5 Ke5 68. a5 Rg8+ 69. Kh4 f4 70. a6 Ke4 71. Bc4 Rh8+ 72. Kg4 Rh7 73. a7 Rxa7 74.
Be2 Rg7+ 75. Kh3 f3 76. Bb5 Ke3 77. Kh4 f2 78. Kh5 Rg1 79. Kh6 f1=Q 80. Bxf1 Rxf1 81. Kg5 Rf2 82. Kg4 Nb6 83. Kg3 Nc4 84. Kg4 Ne5+ 0-1